Devils vs Maple Leafs
(R1)
Created - 3 janvier 2017 at 19:19
Goals
|
| Devils |
0 |
3 |
1 |
4 |
| Maple Leafs |
0 |
1 |
1 |
2 |
|
Shots
|
| Devils |
6 |
16 |
6 |
28 |
| Maple Leafs |
15 |
7 |
7 |
29 |
|
1st period
No Goal
Penalties :
Ilya Kovalchuk (NJD) for Hooking (Minor) at 12:26, Jason Spezza (NJD) for Goalie Interference (Minor) at 16:36, Tobias Enstrom (Tor) for High sticking (Minor) at 16:44, Jason Spezza (NJD) for Holding (Minor) at 19:13
2nd period
1. Devils , Matt Duchene 13 (Brent Seabrook, Chris Phillips) at 1:43
2. Devils , Jason Spezza 16 (Ilya Kovalchuk, Michael Frolik) at 1:58
3. Devils , Ilya Kovalchuk 20 (Michael Frolik) at 15:39
4. Maple Leafs , Claude Giroux 23 (Evgeni Malkin, Tobias Enstrom) at 18:29
Penalties :
Chris Phillips (NJD) for Slashing (Minor) at 19:55
3rd period
5. Maple Leafs , Michael Grabner 6 (Jordan Staal, Fabian Brunnstrom) at 9:55
6. Devils , Brad Richardson 5 (Vincent Lecavalier, Michal Rozsival) at 10:48
Penalties :
Marc-Édouard Vlasic (Tor) for Holding Stick (Minor) at 7:18, Alexander Frolov (Tor) for Roughing (Minor) at 14:15, Brad Richardson (NJD) for Interference (Minor) at 18:20
Goalie Stats
James Reimer (NJD), 27 saves from 29 shots - (0,931), W, 11-6-1, 60:00 minutes
Marc-André Fleury (Tor), 24 saves from 28 shots - (0,857), L, 15-7-5, 60:00 minutes
Players Stats for Devils
Player Name G A P +/- PIM S H SB GA TA FO MP PP MP PK MP
------------------------------------------------------------------------------------
Brad Richardson 1 0 1 1 2 1 2 0 0 0 1/1 12:19 0:00 1:35
Brent Seabrook 0 1 1 0 0 3 2 1 0 0 0/0 22:17 2:20 4:10
Brett Maclean 0 0 0 -1 0 0 0 1 0 0 0/0 7:56 0:00 0:00
Chris Mcallister 0 0 0 1 0 1 2 0 0 0 0/0 10:08 0:00 0:11
Chris Phillips 0 1 1 0 2 0 0 0 0 0 0/0 15:36 2:20 0:00
Damien Brunner 0 0 0 -1 0 0 0 0 0 0 0/0 7:56 0:00 0:00
Gabriel Landeskog 0 0 0 0 0 0 0 1 0 0 0/0 17:20 1:49 3:03
Ilya Kovalchuk 1 1 2 2 2 6 2 0 0 1 0/0 17:48 1:53 0:00
Jason Spezza 1 0 1 2 4 4 2 0 1 1 11/22 19:29 2:13 1:17
Jay McKee 0 0 0 -1 0 0 0 0 0 1 0/0 15:42 0:08 3:07
Karl Alzner 0 0 0 3 0 1 0 0 0 1 0/0 22:01 1:38 0:27
Matt Duchene 1 0 1 0 0 4 2 1 0 0 7/11 16:02 1:55 0:39
Michael Frolik 0 2 2 2 0 2 2 1 0 1 0/2 23:43 2:01 4:27
Michal Rozsival 0 1 1 3 0 0 2 2 0 1 0/0 25:45 1:38 3:07
Mike Komisarek 0 0 0 -1 0 0 2 2 0 2 0/0 18:43 0:08 4:37
Steve Ott 0 0 0 -1 0 0 2 0 0 0 0/0 9:03 0:22 0:00
Vincent Lecavalier 0 1 1 1 0 4 1 0 0 0 5/17 14:13 0:00 4:16
Vladimir Tarasenko 0 0 0 0 0 2 1 0 0 1 0/0 14:19 2:05 0:00
Players Stats for Maple Leafs
Player Name G A P +/- PIM S H SB GA TA FO MP PP MP PK MP
------------------------------------------------------------------------------------
Alexander Frolov 0 0 0 -1 2 0 1 1 0 0 0/1 20:45 4:21 0:48
Blake Comeau 0 0 0 0 0 0 1 0 0 0 0/0 10:10 0:00 1:10
Braydon Coburn 0 0 0 0 0 1 4 2 1 0 0/0 27:27 4:44 2:07
Claude Giroux 1 0 1 -1 0 4 4 0 4 0 0/0 22:19 4:21 2:06
Colby Armstrong 0 0 0 -2 0 0 1 1 0 0 0/0 12:26 3:23 0:00
Eric Nystrom 0 0 0 -2 0 1 1 0 0 0 0/0 10:31 0:00 0:38
Evgeni Malkin 0 1 1 -1 0 3 2 1 0 0 19/32 22:39 4:21 2:10
Fabian Brunnstrom 0 1 1 1 0 4 3 0 1 0 0/1 16:10 3:23 0:00
Jamie McBain 0 0 0 1 0 0 0 1 0 0 0/0 11:49 0:00 0:00
Jordan Staal 0 1 1 1 0 2 1 0 0 1 8/12 18:16 3:23 1:20
Justin Abdelkader 0 0 0 0 0 0 1 0 0 0 0/0 9:00 0:00 0:00
Justin Schultz 0 0 0 1 0 0 1 0 0 0 0/0 12:21 0:00 1:03
Marc-Édouard Vlasic 0 0 0 -3 2 1 0 0 0 0 0/0 20:50 3:00 1:04
Michael Grabner 1 0 1 1 0 5 0 0 2 0 0/1 13:13 0:00 0:00
Rob Schremp 0 0 0 -2 0 1 0 0 0 0 2/4 9:14 0:00 0:00
Taylor Chorney 0 0 0 -3 0 3 0 0 1 0 0/0 21:38 3:00 1:59
Tobias Enstrom 0 1 1 0 2 3 1 0 0 0 0/0 26:12 4:43 1:59
Zac Dalpe 0 0 0 0 0 1 1 0 0 0 0/2 9:00 0:00 0:00
3 Stars
1 - Ilya Kovalchuk (NJD)
2 - Michael Frolik (NJD)
3 - Michal Rozsival (NJD)
Power Play
Devils - 0 on 3 Attempt(s) - 0,00%
Maple Leafs - 0 on 5 Attempt(s) - 0,00%
Penalty Kill
Devils - 5 on 5 Attempt(s) - 100,00%
- Score 0 goal in Penalty Kill
Maple Leafs - 3 on 3 Attempt(s) - 100,00%
- Score 0 goal in Penalty Kill
Team Stat
Devils - Hits : 22 - Faceoff Wins : 24 - Blocked Shots : 9 - Penalty Minutes : 10
Maple Leafs - Hits : 22 - Faceoff Wins : 29 - Blocked Shots : 6 - Penalty Minutes : 6
Official
Referees : McCauley Wes and StPierre Justin
Linesman : Mark Wheler and Lyle Seitz
Game Notes
No Game Note
Finance
Level 1 -- Attendance: 4370 (72,83%) -- Ticket Income 437 000 $
Level 2 -- Attendance: 3369 (67,38%) -- Ticket Income 218 985 $
Level 3 -- Attendance: 1366 (68,30%) -- Ticket Income 57 372 $
Level 4 -- Attendance: 2585 (64,63%) -- Ticket Income 77 550 $
Luxury Box -- Attendance: 713 (71,30%) -- Ticket Income 131 905 $
Game was played at the Maple Leafs Garden.
Total Attendance: 12403 (68,91%)
Total Ticket Income: 922 812 $
Other Income: 138 422 $
Total Income: 1 061 234 $
Devils
5 vs 5 Forward
Center Left Wing Right Wing Time % Phy DF OF
1 Jason Spezza Ilya Kovalchuk Michael Frolik 40 1 2 2
2 Matt Duchene Gabriel Landeskog Vladimir Tarasenko 30 1 2 2
3 Vincent Lecavalier Chris Mcallister Brad Richardson 20 1 2 2
4 Steve Ott Brett Maclean Damien Brunner 10 1 2 2
5 vs 5 Defense
Defense Defense Time % Phy DF OF
1 Michal Rozsival Karl Alzner 40 1 2 2
2 Chris Phillips Brent Seabrook 30 1 2 2
3 Jay McKee Mike Komisarek 20 1 2 2
4 Brent Seabrook Mike Komisarek 10 1 2 2
PowerPlay Forward
Center Left Wing Right Wing Time % Phy DF OF
1 Jason Spezza Gabriel Landeskog Vladimir Tarasenko 55 1 2 2
2 Matt Duchene Ilya Kovalchuk Michael Frolik 45 1 2 2
PowerPlay Defense
Defense Defense Time % Phy DF OF
1 Brent Seabrook Chris Phillips 60 1 2 2
2 Karl Alzner Michal Rozsival 40 1 2 2
Penalty Kill 4 Players Forward
Center Wing Time % Phy DF OF
1 Vincent Lecavalier Michael Frolik 60 1 2 2
2 Jason Spezza Gabriel Landeskog 40 1 2 2
Penalty Kill 4 Players Defense
Defense Defense Time % Phy DF OF
1 Brent Seabrook Mike Komisarek 60 1 2 2
2 Michal Rozsival Jay McKee 40 1 2 2
Penalty Kill - 3 Players Forward
Forward Time % Phy DF OF
1 Ilya Kovalchuk 60 1 2 2
2 Vincent Lecavalier 40 1 2 2
Penalty Kill - 3 Players Defense
Defense Defense Time % Phy DF OF
1 Michal Rozsival Jay McKee 60 1 2 2
2 Mike Komisarek Brent Seabrook 40 1 2 2
4 vs 4 Forward
Center Wing Time % Phy DF OF
1 Jason Spezza Michael Frolik 60 1 2 2
2 Matt Duchene Ilya Kovalchuk 40 1 2 2
4 vs 4 Defense
Defense Defense Time % Phy DF OF
1 Michal Rozsival Brent Seabrook 60 1 2 2
2 Mike Komisarek Jay McKee 40 1 2 2
Last Minutes Offensive
Center Left Wing Right Wing Defense Defense
Jason Spezza Ilya Kovalchuk Michael Frolik Brent Seabrook Michal Rozsival
Last Minutes Defensive
Center Left Wing Right Wing Defense Defense
Jason Spezza Ilya Kovalchuk Michael Frolik Michal Rozsival Brent Seabrook
Goaltenders
Starting : James Reimer
Backup : Frederik Andersen
Extra Forwards
Normal : Matt Duchene, Steve Ott, Brad Richardson - PP : Matt Duchene, Steve Ott - PK : Brad Richardson
Extra Defensemen
Normal : Brent Seabrook, Karl Alzner, Michal Rozsival - PP : Chris Phillips - PK : Karl Alzner, Brent Seabrook
Penalty Shots
Ilya Kovalchuk, Vincent Lecavalier, Jason Spezza, Michael Frolik, Matt Duchene
Maple Leafs
5 vs 5 Forward
Center Left Wing Right Wing Time % Phy DF OF
1 Evgeni Malkin Alexander Frolov Claude Giroux 40 1 2 2
2 Jordan Staal Fabian Brunnstrom Michael Grabner 30 1 2 2
3 Rob Schremp Eric Nystrom Colby Armstrong 20 1 2 2
4 Zac Dalpe Justin Abdelkader Blake Comeau 10 1 2 2
5 vs 5 Defense
Defense Defense Time % Phy DF OF
1 Tobias Enstrom Braydon Coburn 40 1 2 2
2 Taylor Chorney Marc-Édouard Vlasic 30 1 2 2
3 Jamie McBain Justin Schultz 20 1 2 2
4 Tobias Enstrom Braydon Coburn 10 1 2 2
PowerPlay Forward
Center Left Wing Right Wing Time % Phy DF OF
1 Evgeni Malkin Alexander Frolov Claude Giroux 60 1 2 2
2 Jordan Staal Fabian Brunnstrom Colby Armstrong 40 1 2 2
PowerPlay Defense
Defense Defense Time % Phy DF OF
1 Tobias Enstrom Braydon Coburn 60 1 2 2
2 Taylor Chorney Marc-Édouard Vlasic 40 1 2 2
Penalty Kill 4 Players Forward
Center Wing Time % Phy DF OF
1 Evgeni Malkin Claude Giroux 60 1 2 2
2 Jordan Staal Alexander Frolov 40 1 2 2
Penalty Kill 4 Players Defense
Defense Defense Time % Phy DF OF
1 Tobias Enstrom Braydon Coburn 60 1 2 2
2 Taylor Chorney Marc-Édouard Vlasic 40 1 2 2
Penalty Kill - 3 Players Forward
Forward Time % Phy DF OF
1 Evgeni Malkin 60 1 2 2
2 Jordan Staal 40 1 2 2
Penalty Kill - 3 Players Defense
Defense Defense Time % Phy DF OF
1 Tobias Enstrom Braydon Coburn 60 1 2 2
2 Taylor Chorney Marc-Édouard Vlasic 40 1 2 2
4 vs 4 Forward
Center Wing Time % Phy DF OF
1 Evgeni Malkin Claude Giroux 60 1 2 2
2 Jordan Staal Alexander Frolov 40 1 2 2
4 vs 4 Defense
Defense Defense Time % Phy DF OF
1 Tobias Enstrom Braydon Coburn 60 1 2 2
2 Taylor Chorney Marc-Édouard Vlasic 40 1 2 2
Last Minutes Offensive
Center Left Wing Right Wing Defense Defense
Evgeni Malkin Alexander Frolov Claude Giroux Tobias Enstrom Braydon Coburn
Last Minutes Defensive
Center Left Wing Right Wing Defense Defense
Evgeni Malkin Alexander Frolov Claude Giroux Tobias Enstrom Braydon Coburn
Goaltenders
Starting : Marc-André Fleury
Backup : Alex Stalock
Extra Forwards
Normal : Michael Grabner, Eric Nystrom, Blake Comeau - PP : Michael Grabner, Eric Nystrom - PK : Blake Comeau
Extra Defensemen
Normal : Jamie McBain, Justin Schultz, Taylor Chorney - PP : Jamie McBain - PK : Justin Schultz, Taylor Chorney
Penalty Shots
Claude Giroux, Evgeni Malkin, Alexander Frolov, Jordan Staal, Fabian Brunnstrom
% Time on Ice - Devils
Lines # - Real PCT - Wanted PCT - Time Play
Normal Forward
1 - 35% - 40% - 16:10
2 - 26% - 30% - 12:16
3 - 21% - 20% - 9:57
4 - 17% - 10% - 7:56
Normal Defense
1 - 42% - 40% - 19:37
2 - 30% - 30% - 13:55
3 - 22% - 20% - 10:05
4 - 6% - 10% - 2:42
PP Forward
1 - 54% - 55% - 2:13
2 - 46% - 45% - 1:53
PP Defense
1 - 57% - 60% - 2:20
2 - 43% - 40% - 1:46
PK Forward
1 - 75% - 60% - 5:46
2 - 25% - 40% - 1:58
PK Defense
1 - 60% - 60% - 4:37
2 - 40% - 40% - 3:07
PK3 Forward
1 - 0% - 60%
2 - 0% - 40%
PK3 Defense
1 - 0% - 60%
2 - 0% - 40%
44 Forward
1 - 100% - 60% - 1:51
2 - 0% - 40% - 0:00
44 Defense
1 - 46% - 60% - 0:51
2 - 54% - 40% - 1:00
Last Minute Offensive - 0:00
Last Minute Defensive - 0:00
Total
Forward - 60:00
Defense - 60:00
|
% Time on Ice - Maple Leafs
Lines # - Real PCT - Wanted PCT - Time Play
Normal Forward
1 - 33% - 40% - 15:18
2 - 28% - 30% - 12:47
3 - 20% - 20% - 9:14
4 - 19% - 10% - 9:00
Normal Defense
1 - 40% - 40% - 18:23
2 - 34% - 30% - 15:54
3 - 24% - 20% - 10:55
4 - 2% - 10% - 1:07
PP Forward
1 - 56% - 60% - 4:21
2 - 44% - 40% - 3:23
PP Defense
1 - 61% - 60% - 4:44
2 - 39% - 40% - 3:00
PK Forward
1 - 80% - 60% - 3:16
2 - 20% - 40% - 0:50
PK Defense
1 - 52% - 60% - 2:07
2 - 48% - 40% - 1:59
PK3 Forward
1 - 0% - 60%
2 - 0% - 40%
PK3 Defense
1 - 0% - 60%
2 - 0% - 40%
44 Forward
1 - 66% - 60% - 1:13
2 - 34% - 40% - 0:38
44 Defense
1 - 59% - 60% - 1:06
2 - 41% - 40% - 0:45
Last Minute Offensive - 0:00
Last Minute Defensive - 0:00
Total
Forward - 60:00
Defense - 60:00
|
Play by Play
1st period
0:01 of 1st period - Jason Spezza wins face-off versus Evgeni Malkin in neutral zone.
0:04 of 1st period - Tobias Enstrom is hit by Jason Spezza and loses puck.
0:27 of 1st period - Michael Grabner is hit by Matt Duchene and loses puck.
1:42 of 1st period - Slapshot by Ilya Kovalchuk.
1:42 of 1st period - Stopped by Marc-André Fleury with a rebound.
2:02 of 1st period - Snap shot by Eric Nystrom.
2:02 of 1st period - Shot Misses the Net.
2:04 of 1st period - Slapshot by Tobias Enstrom.
2:04 of 1st period - Deflect By Michal Rozsival.
2:04 of 1st period - Stopped by James Reimer without a rebound.
2:05 of 1st period - Jordan Staal wins face-off versus Matt Duchene in Devils zone.
2:19 of 1st period - Wrist shot by Fabian Brunnstrom.
2:19 of 1st period - Stopped by James Reimer with a rebound.
2:21 of 1st period - Slapshot by Tobias Enstrom.
2:21 of 1st period - Stopped by James Reimer with a rebound.
2:31 of 1st period - Evgeni Malkin is hit by Ilya Kovalchuk and loses puck.
2:40 of 1st period - Snap shot by Michael Frolik.
2:40 of 1st period - Shot Misses the Net.
2:42 of 1st period - Slapshot by Ilya Kovalchuk.
2:42 of 1st period - Stopped by Marc-André Fleury with a rebound.
3:23 of 1st period - Taylor Chorney is hit by Brad Richardson and loses puck.
4:03 of 1st period - Wrist shot by Rob Schremp.
4:03 of 1st period - Stopped by James Reimer without a rebound.
4:04 of 1st period - Rob Schremp wins face-off versus Vincent Lecavalier in Devils zone.
5:30 of 1st period - Slapshot by Brent Seabrook.
5:30 of 1st period - Deflect By Rob Schremp.
5:30 of 1st period - Stopped by Marc-André Fleury without a rebound.
5:31 of 1st period - Jason Spezza wins face-off versus Evgeni Malkin in Maple Leafs zone.
5:50 of 1st period - Karl Alzner is hit by Claude Giroux.
6:06 of 1st period - Snap shot by Matt Duchene.
6:06 of 1st period - Stopped by Marc-André Fleury with a rebound.
6:22 of 1st period - Slapshot by Vladimir Tarasenko.
6:22 of 1st period - Shot Blocked by Braydon Coburn.
6:24 of 1st period - Slapshot by Vincent Lecavalier.
6:24 of 1st period - Stopped by Marc-André Fleury without a rebound.
6:25 of 1st period - Vincent Lecavalier wins face-off versus Evgeni Malkin in Maple Leafs zone.
6:26 of 1st period - Slapshot by Chris Mcallister.
6:26 of 1st period - Stopped by Marc-André Fleury with a rebound.
7:54 of 1st period - Mike Komisarek is hit by Justin Schultz and loses puck.
8:26 of 1st period - Backhand shot by Justin Abdelkader.
8:26 of 1st period - Shot Misses the Net.
8:50 of 1st period - Off-side.
8:51 of 1st period - Evgeni Malkin wins face-off versus Jason Spezza in neutral zone.
8:58 of 1st period - Snap shot by Claude Giroux.
8:58 of 1st period - Shot Misses the Net.
9:23 of 1st period - Snap shot by Jordan Staal.
9:23 of 1st period - Shot Misses the Net.
9:25 of 1st period - Snap shot by Michael Grabner.
9:25 of 1st period - Shot Misses the Net.
9:27 of 1st period - Snap shot by Jordan Staal.
9:27 of 1st period - Shot Misses the Net.
9:29 of 1st period - Slapshot by Taylor Chorney.
9:29 of 1st period - Stopped by James Reimer with a rebound.
9:43 of 1st period - Eric Nystrom is hit by Vincent Lecavalier and loses puck.
10:31 of 1st period - Marc-Édouard Vlasic is hit by Matt Duchene.
10:32 of 1st period - Icing by Marc-Édouard Vlasic.
10:33 of 1st period - Jason Spezza wins face-off versus Jordan Staal in Maple Leafs zone.
11:22 of 1st period - Michal Rozsival is hit by Colby Armstrong and loses puck.
12:26 of 1st period - Minor Penalty to Ilya Kovalchuk for Hooking.
12:27 of 1st period - Vincent Lecavalier wins face-off versus Evgeni Malkin in Devils zone.
12:58 of 1st period - Fabian Brunnstrom is hit by Mike Komisarek.
13:04 of 1st period - Michael Frolik is hit by Fabian Brunnstrom and loses puck.
14:26 of 1st period - Penalty to Ilya Kovalchuk is over, Ilya Kovalchuk is back on ice.
15:51 of 1st period - Zac Dalpe is hit by Mike Komisarek and loses puck.
16:04 of 1st period - Braydon Coburn is hit by Steve Ott and loses puck.
16:11 of 1st period - Snap shot by Damien Brunner.
16:11 of 1st period - Deflect By Brett Maclean.
16:11 of 1st period - Shot Misses the Net.
16:11 of 1st period - Puck is out of play.
16:12 of 1st period - Jordan Staal wins face-off versus Jason Spezza in Maple Leafs zone.
16:12 of 1st period - Michael Grabner is hit by Michael Frolik and loses puck.
16:36 of 1st period - Minor Penalty to Jason Spezza for Goalie Interference.
16:37 of 1st period - Evgeni Malkin wins face-off versus Michael Frolik in Devils zone.
16:44 of 1st period - Minor Penalty to Tobias Enstrom for High sticking.
16:45 of 1st period - Matt Duchene wins face-off versus Evgeni Malkin in Maple Leafs zone.
17:48 of 1st period - Slapshot by Michael Grabner.
17:48 of 1st period - Stopped by James Reimer with a rebound.
17:50 of 1st period - Slapshot by Marc-Édouard Vlasic.
17:50 of 1st period - Stopped by James Reimer with a rebound.
17:52 of 1st period - Wrist shot by Eric Nystrom.
17:52 of 1st period - Stopped by James Reimer with a rebound.
17:54 of 1st period - Snap shot by Taylor Chorney.
17:54 of 1st period - Stopped by James Reimer with a rebound.
17:56 of 1st period - Snap shot by Michael Grabner.
17:56 of 1st period - Stopped by James Reimer without a rebound.
17:57 of 1st period - Evgeni Malkin wins face-off versus Matt Duchene in Devils zone.
17:58 of 1st period - Wrist shot by Claude Giroux.
17:58 of 1st period - Stopped by James Reimer with a rebound.
18:22 of 1st period - Alexander Frolov is hit by Steve Ott and loses puck.
18:36 of 1st period - Penalty to Jason Spezza is over, Jason Spezza is back on ice.
18:39 of 1st period - Jason Spezza is hit by Evgeni Malkin and loses puck.
18:44 of 1st period - Penalty to Tobias Enstrom is over, Tobias Enstrom is back on ice.
18:54 of 1st period - Wrist shot by Tobias Enstrom.
18:54 of 1st period - Stopped by James Reimer without a rebound.
18:55 of 1st period - Vincent Lecavalier wins face-off versus Jordan Staal in Devils zone.
19:00 of 1st period - Wrist shot by Fabian Brunnstrom.
19:00 of 1st period - Shot Misses the Net.
19:02 of 1st period - Snap shot by Jordan Staal.
19:02 of 1st period - Shot Misses the Net.
19:04 of 1st period - Snap shot by Fabian Brunnstrom.
19:04 of 1st period - Stopped by James Reimer without a rebound.
19:05 of 1st period - Jordan Staal wins face-off versus Vincent Lecavalier in Devils zone.
19:06 of 1st period - Snap shot by Fabian Brunnstrom.
19:06 of 1st period - Stopped by James Reimer with a rebound.
19:08 of 1st period - Wrist shot by Michael Grabner.
19:08 of 1st period - Stopped by James Reimer without a rebound.
19:09 of 1st period - Evgeni Malkin wins face-off versus Jason Spezza in Devils zone.
19:13 of 1st period - Minor Penalty to Jason Spezza for Holding.
19:14 of 1st period - Evgeni Malkin wins face-off versus Vincent Lecavalier in Devils zone.
19:40 of 1st period - Mike Komisarek is hit by Braydon Coburn and loses puck.
Goals for this period are 0 for Devils vs 0 for Maple Leafs.
Shots for this period are 6 for Devils vs 15 for Maple Leafs.
2nd period
0:01 of 2nd period - Evgeni Malkin wins face-off versus Vincent Lecavalier in neutral zone.
1:13 of 2nd period - Penalty to Jason Spezza is over, Jason Spezza is back on ice.
1:24 of 2nd period - Snap shot by Damien Brunner.
1:24 of 2nd period - Shot Misses the Net.
1:29 of 2nd period - Off-side.
1:30 of 2nd period - Matt Duchene wins face-off versus Rob Schremp in neutral zone.
1:37 of 2nd period - Slapshot by Brent Seabrook.
1:37 of 2nd period - Shot Misses the Net.
1:39 of 2nd period - Slapshot by Chris Phillips.
1:39 of 2nd period - Shot Misses the Net.
1:41 of 2nd period - Slapshot by Brent Seabrook.
1:41 of 2nd period - Stopped by Marc-André Fleury with a rebound.
1:43 of 2nd period - Slapshot by Matt Duchene.
1:43 of 2nd period - Goal by Matt Duchene - Devils : 1 - Maple Leafs : 0.
1:44 of 2nd period - Evgeni Malkin wins face-off versus Jason Spezza in neutral zone.
1:58 of 2nd period - Wrist shot by Jason Spezza.
1:58 of 2nd period - Goal by Jason Spezza - Devils : 2 - Maple Leafs : 0.
1:59 of 2nd period - Evgeni Malkin wins face-off versus Jason Spezza in neutral zone.
3:07 of 2nd period - Braydon Coburn is hit by Jason Spezza and loses puck.
3:55 of 2nd period - Wrist shot by Vladimir Tarasenko.
3:55 of 2nd period - Shot Misses the Net.
4:10 of 2nd period - Icing by Marc-Édouard Vlasic.
4:11 of 2nd period - Vincent Lecavalier wins face-off versus Zac Dalpe in Maple Leafs zone.
4:24 of 2nd period - Wrist shot by Zac Dalpe.
4:24 of 2nd period - Shot Misses the Net.
4:26 of 2nd period - Slapshot by Taylor Chorney.
4:26 of 2nd period - Stopped by James Reimer without a rebound.
4:27 of 2nd period - Jason Spezza wins face-off versus Evgeni Malkin in Devils zone.
5:01 of 2nd period - Wrist shot by Jordan Staal.
5:01 of 2nd period - Stopped by James Reimer without a rebound.
5:02 of 2nd period - Evgeni Malkin wins face-off versus Matt Duchene in Devils zone.
5:27 of 2nd period - Brent Seabrook is hit by Fabian Brunnstrom and loses puck.
5:38 of 2nd period - Wrist shot by Michael Grabner.
5:38 of 2nd period - Shot Misses the Net.
6:13 of 2nd period - Backhand shot by Michael Frolik.
6:13 of 2nd period - Stopped by Marc-André Fleury without a rebound.
6:14 of 2nd period - Matt Duchene wins face-off versus Evgeni Malkin in Maple Leafs zone.
6:29 of 2nd period - Snap shot by Vladimir Tarasenko.
6:29 of 2nd period - Stopped by Marc-André Fleury without a rebound.
6:30 of 2nd period - Brad Richardson wins face-off versus Jordan Staal in Maple Leafs zone.
8:10 of 2nd period - Snap shot by Ilya Kovalchuk.
8:10 of 2nd period - Stopped by Marc-André Fleury without a rebound.
8:11 of 2nd period - Evgeni Malkin wins face-off versus Matt Duchene in Maple Leafs zone.
8:11 of 2nd period - Evgeni Malkin is hit by Vladimir Tarasenko.
8:25 of 2nd period - Snap shot by Claude Giroux.
8:25 of 2nd period - Stopped by James Reimer without a rebound.
8:26 of 2nd period - Evgeni Malkin wins face-off versus Vincent Lecavalier in Devils zone.
8:45 of 2nd period - Michal Rozsival is hit by Alexander Frolov and loses puck.
9:08 of 2nd period - Snap shot by Vladimir Tarasenko.
9:08 of 2nd period - Deflect By Gabriel Landeskog.
9:08 of 2nd period - Shot Misses the Net.
9:08 of 2nd period - Puck is out of play.
9:09 of 2nd period - Jason Spezza wins face-off versus Rob Schremp in Maple Leafs zone.
9:22 of 2nd period - Wrist shot by Jason Spezza.
9:22 of 2nd period - Stopped by Marc-André Fleury with a rebound.
9:24 of 2nd period - Wrist shot by Jason Spezza.
9:24 of 2nd period - Shot Misses the Net.
9:26 of 2nd period - Snap shot by Brent Seabrook.
9:26 of 2nd period - Stopped by Marc-André Fleury without a rebound.
9:27 of 2nd period - Matt Duchene wins face-off versus Evgeni Malkin in Maple Leafs zone.
9:32 of 2nd period - Wrist shot by Vladimir Tarasenko.
9:32 of 2nd period - Deflect By Matt Duchene.
9:32 of 2nd period - Stopped by Marc-André Fleury with a rebound.
9:42 of 2nd period - Snap shot by Matt Duchene.
9:42 of 2nd period - Stopped by Marc-André Fleury with a rebound.
9:44 of 2nd period - Slapshot by Karl Alzner.
9:44 of 2nd period - Deflect By Matt Duchene.
9:44 of 2nd period - Shot Blocked by Braydon Coburn.
9:44 of 2nd period - Puck is out of play.
9:45 of 2nd period - Jordan Staal wins face-off versus Jason Spezza in Maple Leafs zone.
9:54 of 2nd period - Snap shot by Fabian Brunnstrom.
9:54 of 2nd period - Shot Blocked by Brent Seabrook.
10:12 of 2nd period - Vladimir Tarasenko is hit by Braydon Coburn.
10:52 of 2nd period - Steve Ott is hit by Zac Dalpe and loses puck.
10:57 of 2nd period - Wrist shot by Justin Abdelkader.
10:57 of 2nd period - Shot Blocked by Michal Rozsival.
10:59 of 2nd period - Slapshot by Zac Dalpe.
10:59 of 2nd period - Stopped by James Reimer without a rebound.
11:00 of 2nd period - Evgeni Malkin wins face-off versus Jason Spezza in Devils zone.
12:24 of 2nd period - Michal Rozsival is hit by Claude Giroux and loses puck.
12:45 of 2nd period - Wrist shot by Michael Frolik.
12:45 of 2nd period - Stopped by Marc-André Fleury with a rebound.
12:49 of 2nd period - Slapshot by Ilya Kovalchuk.
12:49 of 2nd period - Stopped by Marc-André Fleury with a rebound.
12:51 of 2nd period - Slapshot by Michael Frolik.
12:51 of 2nd period - Shot Misses the Net.
14:34 of 2nd period - Icing by Taylor Chorney.
14:35 of 2nd period - Jason Spezza wins face-off versus Zac Dalpe in Maple Leafs zone.
14:38 of 2nd period - Snap shot by Ilya Kovalchuk.
14:38 of 2nd period - Shot Misses the Net.
14:40 of 2nd period - Slapshot by Jason Spezza.
14:40 of 2nd period - Deflect By Ilya Kovalchuk.
14:40 of 2nd period - Stopped by Marc-André Fleury without a rebound.
14:41 of 2nd period - Evgeni Malkin wins face-off versus Jason Spezza in Maple Leafs zone.
14:46 of 2nd period - Snap shot by Evgeni Malkin.
14:46 of 2nd period - Stopped by James Reimer without a rebound.
14:47 of 2nd period - Jason Spezza wins face-off versus Alexander Frolov in Devils zone.
14:54 of 2nd period - Wrist shot by Claude Giroux.
14:54 of 2nd period - Shot Misses the Net.
15:08 of 2nd period - Michael Frolik is hit by Claude Giroux and loses puck.
15:39 of 2nd period - Slapshot by Ilya Kovalchuk.
15:39 of 2nd period - Goal by Ilya Kovalchuk - Devils : 3 - Maple Leafs : 0.
15:40 of 2nd period - Matt Duchene wins face-off versus Fabian Brunnstrom in neutral zone.
17:16 of 2nd period - Snap shot by Jordan Staal.
17:16 of 2nd period - Shot Misses the Net.
17:18 of 2nd period - Snap shot by Fabian Brunnstrom.
17:18 of 2nd period - Stopped by James Reimer without a rebound.
17:19 of 2nd period - Jordan Staal wins face-off versus Jason Spezza in Devils zone.
17:20 of 2nd period - Wrist shot by Michael Grabner.
17:20 of 2nd period - Shot Blocked by Michael Frolik.
17:30 of 2nd period - Off-side.
17:31 of 2nd period - Evgeni Malkin wins face-off versus Jason Spezza in neutral zone.
17:58 of 2nd period - Evgeni Malkin is hit by Chris Mcallister and loses puck.
18:03 of 2nd period - Wrist shot by Chris Mcallister.
18:03 of 2nd period - Shot Blocked by Evgeni Malkin.
18:05 of 2nd period - Snap shot by Vincent Lecavalier.
18:05 of 2nd period - Stopped by Marc-André Fleury with a rebound.
18:29 of 2nd period - Snap shot by Claude Giroux.
18:29 of 2nd period - Goal by Claude Giroux - Devils : 3 - Maple Leafs : 1.
18:30 of 2nd period - Jason Spezza wins face-off versus Michael Grabner in neutral zone.
18:39 of 2nd period - Slapshot by Jason Spezza.
18:39 of 2nd period - Stopped by Marc-André Fleury with a rebound.
19:23 of 2nd period - Rob Schremp is hit by Brent Seabrook and loses puck.
19:30 of 2nd period - Slapshot by Eric Nystrom.
19:30 of 2nd period - Shot Blocked by Gabriel Landeskog.
19:55 of 2nd period - Minor Penalty to Chris Phillips for Slashing.
19:56 of 2nd period - Vincent Lecavalier wins face-off versus Evgeni Malkin in Devils zone.
19:56 of 2nd period - Vincent Lecavalier is hit by Evgeni Malkin.
Goals for this period are 3 for Devils vs 1 for Maple Leafs.
Shots for this period are 16 for Devils vs 7 for Maple Leafs.
3rd period
0:01 of 3rd period - Evgeni Malkin wins face-off versus Vincent Lecavalier in neutral zone.
1:00 of 3rd period - Wrist shot by Michal Rozsival.
1:00 of 3rd period - Deflect By Jason Spezza.
1:00 of 3rd period - Stopped by Marc-André Fleury with a rebound.
1:34 of 3rd period - Brent Seabrook is hit by Fabian Brunnstrom and loses puck.
1:55 of 3rd period - Penalty to Chris Phillips is over, Chris Phillips is back on ice.
2:15 of 3rd period - Michal Rozsival is hit by Tobias Enstrom and loses puck.
2:36 of 3rd period - Michael Grabner is hit by Michal Rozsival and loses puck.
3:27 of 3rd period - Slapshot by Mike Komisarek.
3:27 of 3rd period - Shot Misses the Net.
3:29 of 3rd period - Slapshot by Jay McKee.
3:29 of 3rd period - Shot Misses the Net.
3:31 of 3rd period - Snap shot by Brad Richardson.
3:31 of 3rd period - Shot Blocked by Colby Armstrong.
5:51 of 3rd period - Chris Mcallister is hit by Blake Comeau and loses puck.
6:00 of 3rd period - Justin Schultz is hit by Chris Mcallister and loses puck.
7:10 of 3rd period - Vladimir Tarasenko is hit by Justin Abdelkader and loses puck.
7:18 of 3rd period - Minor Penalty to Marc-Édouard Vlasic for Holding Stick.
7:19 of 3rd period - Matt Duchene wins face-off versus Evgeni Malkin in Maple Leafs zone.
7:22 of 3rd period - Slapshot by Matt Duchene.
7:22 of 3rd period - Shot Misses the Net.
7:59 of 3rd period - Slapshot by Brent Seabrook.
7:59 of 3rd period - Shot Blocked by Alexander Frolov.
8:29 of 3rd period - Wrist shot by Blake Comeau.
8:29 of 3rd period - Shot Misses the Net.
9:07 of 3rd period - Karl Alzner is hit by Braydon Coburn and loses puck.
9:18 of 3rd period - Penalty to Marc-Édouard Vlasic is over, Marc-Édouard Vlasic is back on ice.
9:25 of 3rd period - Icing by Jordan Staal.
9:26 of 3rd period - Jordan Staal wins face-off versus Vincent Lecavalier in Maple Leafs zone.
9:55 of 3rd period - Snap shot by Michael Grabner.
9:55 of 3rd period - Goal by Michael Grabner - Devils : 3 - Maple Leafs : 2.
9:56 of 3rd period - Evgeni Malkin wins face-off versus Michael Frolik in neutral zone.
10:01 of 3rd period - Slapshot by Tobias Enstrom.
10:01 of 3rd period - Deflect By Evgeni Malkin.
10:01 of 3rd period - Stopped by James Reimer with a rebound.
10:28 of 3rd period - Wrist shot by Jordan Staal.
10:28 of 3rd period - Stopped by James Reimer with a rebound.
10:30 of 3rd period - Slapshot by Braydon Coburn.
10:30 of 3rd period - Shot Misses the Net.
10:32 of 3rd period - Wrist shot by Jordan Staal.
10:32 of 3rd period - Shot Blocked by Michal Rozsival.
10:34 of 3rd period - Wrist shot by Michael Grabner.
10:34 of 3rd period - Shot Blocked by Matt Duchene.
10:46 of 3rd period - Snap shot by Vincent Lecavalier.
10:46 of 3rd period - Stopped by Marc-André Fleury with a rebound.
10:48 of 3rd period - Snap shot by Brad Richardson.
10:48 of 3rd period - Goal by Brad Richardson - Devils : 4 - Maple Leafs : 2.
10:49 of 3rd period - Jason Spezza wins face-off versus Evgeni Malkin in neutral zone.
11:04 of 3rd period - Wrist shot by Claude Giroux.
11:04 of 3rd period - Stopped by James Reimer without a rebound.
11:05 of 3rd period - Matt Duchene wins face-off versus Jordan Staal in Devils zone.
11:32 of 3rd period - Evgeni Malkin is hit by Brad Richardson and loses puck.
11:55 of 3rd period - Marc-Édouard Vlasic is hit by Michael Frolik and loses puck.
12:29 of 3rd period - Off-side.
12:30 of 3rd period - Evgeni Malkin wins face-off versus Vincent Lecavalier in neutral zone.
12:42 of 3rd period - Off-side.
12:43 of 3rd period - Evgeni Malkin wins face-off versus Jason Spezza in neutral zone.
13:10 of 3rd period - Jordan Staal is hit by Brent Seabrook and loses puck.
13:19 of 3rd period - Snap shot by Vladimir Tarasenko.
13:19 of 3rd period - Stopped by Marc-André Fleury with a rebound.
13:45 of 3rd period - Snap shot by Fabian Brunnstrom.
13:45 of 3rd period - Shot Blocked by Mike Komisarek.
13:47 of 3rd period - Slapshot by Braydon Coburn.
13:47 of 3rd period - Deflect By Michael Grabner.
13:47 of 3rd period - Stopped by James Reimer with a rebound.
13:49 of 3rd period - Snap shot by Fabian Brunnstrom.
13:49 of 3rd period - Shot Blocked by Brett Maclean.
13:51 of 3rd period - Snap shot by Michael Grabner.
13:51 of 3rd period - Shot Misses the Net.
13:53 of 3rd period - Snap shot by Jordan Staal.
13:53 of 3rd period - Shot Misses the Net.
13:55 of 3rd period - Slapshot by Braydon Coburn.
13:55 of 3rd period - Deflect By Jay McKee.
13:55 of 3rd period - Stopped by James Reimer without a rebound.
13:56 of 3rd period - Jason Spezza wins face-off versus Evgeni Malkin in Devils zone.
13:56 of 3rd period - Jason Spezza is hit by Claude Giroux.
14:02 of 3rd period - Slapshot by Karl Alzner.
14:02 of 3rd period - Stopped by Marc-André Fleury with a rebound.
14:04 of 3rd period - Wrist shot by Jason Spezza.
14:04 of 3rd period - Shot Misses the Net.
14:15 of 3rd period - Minor Penalty to Alexander Frolov for Roughing.
14:16 of 3rd period - Jason Spezza wins face-off versus Evgeni Malkin in Maple Leafs zone.
15:06 of 3rd period - Jason Spezza is hit by Jordan Staal and loses puck.
15:41 of 3rd period - Tobias Enstrom is hit by Ilya Kovalchuk and loses puck.
15:56 of 3rd period - Chris Phillips is hit by Eric Nystrom and loses puck.
16:15 of 3rd period - Penalty to Alexander Frolov is over, Alexander Frolov is back on ice.
16:38 of 3rd period - Backhand shot by Evgeni Malkin.
16:38 of 3rd period - Stopped by James Reimer without a rebound.
16:39 of 3rd period - Jordan Staal wins face-off versus Vincent Lecavalier in Devils zone.
16:44 of 3rd period - Snap shot by Chris Mcallister.
16:44 of 3rd period - Shot Blocked by Jamie McBain.
16:46 of 3rd period - Backhand shot by Vincent Lecavalier.
16:46 of 3rd period - Stopped by Marc-André Fleury without a rebound.
16:47 of 3rd period - Jordan Staal wins face-off versus Vincent Lecavalier in Maple Leafs zone.
17:11 of 3rd period - Jamie McBain is hit by Michal Rozsival and loses puck.
17:16 of 3rd period - Wrist shot by Evgeni Malkin.
17:16 of 3rd period - Shot Hit the Post.
17:36 of 3rd period - Vladimir Tarasenko is hit by Braydon Coburn and loses puck.
17:53 of 3rd period - Off-side.
17:54 of 3rd period - Rob Schremp wins face-off versus Vincent Lecavalier in neutral zone.
17:59 of 3rd period - Slapshot by Colby Armstrong.
17:59 of 3rd period - Shot Misses the Net.
18:20 of 3rd period - Minor Penalty to Brad Richardson for Interference.
18:21 of 3rd period - Evgeni Malkin wins face-off versus Vincent Lecavalier in Devils zone.
18:38 of 3rd period - Slapshot by Evgeni Malkin.
18:38 of 3rd period - Shot Blocked by Mike Komisarek.
Goals for this period are 1 for Devils vs 1 for Maple Leafs.
Shots for this period are 6 for Devils vs 7 for Maple Leafs.
Back to the Top